 Dungeon Crawl Stone Soup version 0.22-a0-612-gd2f0174 (webtiles) character file.

19 iamserjio the Chopper (level 2, -19/42 HPs)
             Began as a Naga Berserker on July 11, 2018.
             Was a Follower of Trog.
             Demolished by an ogre
             ... wielding a +0 giant club
              (21 damage)
             ... on level 4 of the Dungeon.
             The game lasted 00:02:07 (276 turns).

iamserjio the Chopper (Naga Berserker)               Turns: 276, Time: 00:02:08

Health: -19/42     AC:  1    Str: 24    XL:     2   Next: 75%
Magic:  2/2        EV: 10    Int:  7    God:    Trog [*.....]
Gold:   16         SH:  0    Dex: 10    Spells: 1/1 levels left

rFire    . . .     SeeInvis +   a - +0 hand axe
rCold    . . .     Gourm    .   (no shield)
rNeg     . . .     Faith    .   b - +0 animal skin
rPois    +         Spirit   .   (no helmet)
rElec    .         Reflect  .   (no cloak)
rCorr    .         Harm     .   (no gloves)
MR       .....                  (no barding)
Stlth    ..........             (no amulet)
HPRegen  0.14/turn              (no ring)
MPRegen  0.08/turn              (no ring)

@: berserking, quick
A: large, see invisible, deformed body, poison resistance, slowness 2, slow
metabolism 1, spit poison 1, AC +0
a: Spit Poison, Berserk, Renounce Religion


You were on level 4 of the Dungeon.
You worshipped Trog.
Trog was aware of your devotion.
You were not hungry.

You visited 1 branch of the dungeon, and saw 3 of its levels.

You collected 16 gold pieces.

Inventory:

Hand Weapons
 a - a +0 hand axe (weapon)
Armour
 b - a +0 animal skin (worn)
Scrolls
 e - a scroll of identify {unknown}
Comestibles
 c - a ration


   Skills:
 + Level 3.2 Fighting
 * Level 3.3 Axes
 + Level 1.8 Armour
 - Level 1.6 Dodging
 + Level 1.2 Stealth


You had one spell level left.
You didn't know any spells.
Your spell library was empty.

Dungeon Overview and Level Annotations

Branches:
Dungeon (2/15)

Altars:


Innate Abilities, Weirdness & Mutations

You cannot wear boots.
Your serpentine skin is tough. (AC +0)
You have supernaturally acute eyesight. (SInv)
Armour fits poorly on your strangely shaped body.
Your system is resistant to poisons. (rPois)
You cover ground very slowly.
You have a slow metabolism.
You can spit poison.


Message History

The ogre hits you with a giant club!!
Ouch! That really hurt!
You slash the ogre!
The ogre is moderately wounded.
You slash the centaur skeleton! The centaur skeleton barely misses you.
You barely miss the ogre.
The ogre is moderately wounded.
You hit the centaur skeleton. The ogre hits you with a giant club!
* * * LOW HITPOINT WARNING * * *
The centaur skeleton hits you.
* * * LOW HITPOINT WARNING * * *
You slash the ogre!
The ogre is almost dead.
You slash the centaur skeleton!
The centaur skeleton hits you but does no damage.
You hit the ogre.
The ogre is almost dead.
You slash the centaur skeleton! The ogre hits you with a giant club!!
Ouch! That really hurt!
You die...

### ####..
###....##
#####.......#
#...........##
.............#
......O......#
.......@....#
......Z....##
......)...##
..........#
...#####.## #.
## #


You could see an ogre and a centaur skeleton.

Vanquished Creatures
  An ooze (D:1)
  A dart slug (D:1)
  3 goblins (D:1)
  3 hobgoblins (D:1)
  A bat (D:1)
  A frilled lizard (D:1)
  A kobold (D:1)
  2 rats (D:1)
  2 toadstools (D:1)
15 creatures vanquished.

Vanquished Creatures (others)
  2 toadstools (D:1)
2 creatures vanquished.

Grand Total: 17 creatures vanquished

Notes
Turn   | Place    | Note
-------+----------+-------------------------------------------
     0 | D:1      | iamserjio the Naga Berserker began the quest for the Orb.
     0 | D:1      | Reached XP level 1. HP: 21/21 MP: 1/1
    68 | D:1      | Reached XP level 2. HP: 16/28 MP: 2/2
   157 | D:1      | Reached skill level 1 in Stealth
   271 | D:2      | You fall through a shaft for 2 floors!
   271 | D:4      | Noticed an ogre
   274 | D:4      | HP: 2/42 [centaur skeleton (5)]
   276 | D:4      | Demolished by an ogre

Vault maps used:
D:1:      ldierk_water_garden
D:4:      first_ration

Skill      XL: |  1  2 |
---------------+-------+-----
Stealth        | 1 |  1.2
Fighting       | |  3.2
Axes           | |  3.3
Armour         | |  1.8
Dodging        | |  1.6

Action                   || total
-------------------------++-------
Melee: Hand axe          ||    34
Invok: Berserk           ||     1
 Abil: Spit Poison       ||     3
 Stab: Sleeping          ||     2
Armor: Animal skin       ||     4
Dodge: Dodged            ||    16

Table legend:
 A = Spawn XP
 B = Non-spawn XP
 C = Spawn XP percentage of total XP
 D = Spawn monster count
 E = Non-spawn monster count
 F = Spawn count percentage of total count
 G = Total turns spent on level
                    A         B        C        D         E        F      G
               +---------+---------+-------+---------+---------+-------+---------
         Total |       0 |      28 |   0.0 |       0 |      13 |   0.0 |   276
               +---------+---------+-------+---------+---------+-------+---------
           D:1 |       0 |      28 |   0.0 |       0 |      13 |   0.0 |   243
               +---------+---------+-------+---------+---------+-------+---------
